 Dungeon Crawl Stone Soup version 0.30-a0-1114-gd936c97349 (webtiles) character file.

Game seed: 7048920719331638629

1859 HoaS the Skirmisher (level 9, -7/61 HPs)
             Began as a Formicid Hunter on Apr 20, 2023.
             Was a Priest of Zin.
             Killed from afar by Pikel (8 damage)
             ... with a bolt of acid
             ... on level 8 of the Dungeon.
             The game lasted 00:14:20 (5584 turns).

HoaS the Skirmisher (Formicid Hunter)               Turns: 5584, Time: 00:14:21

Health: -7/61      AC:  8    Str: 21    XL:     9   Next: 35%
Magic:  12/12      EV: 13    Int:  9    God:    Zin [***...]
Gold:   255        SH:  5    Dex: 24    Spells: 8/8 levels left

rFire   . . .      SeeInvis +    s - +6 arbalest "Weugrut" {heavy, Dex+3}
rCold   + . .      Faith    .    (no shield)
rNeg    . . .      Spirit   .    t - +2 robe {Will+}
rPois   +          Reflect  +    (helmet unavailable)
rElec   .          Rampage  .    m - +2 cloak
rCorr   .                        (no gloves)
Will    +....                    a - +0 pair of boots
Stlth   ++                       f - amulet of reflection
HPRegen 0.30/turn                o - ring of Fybur {rPois Str+5}
MPRegen 0.13/turn                n - ring of protection from cold

@: no status effects
A: permanent stasis, dig shafts and tunnels, antennae 3, four strong arms
a: Dig, Shaft Self, Renounce Religion, Recite, Vitalisation, Imprison, Donate
Gold


You were on level 8 of the Dungeon.
You worshipped Zin.
Zin was most pleased with you.
You visited 1 branch of the dungeon, and saw 8 of its levels.

You collected 283 gold pieces.
You donated 28 gold pieces to Zin.

Inventory:

Hand Weapons
 s - the +6 arbalest "Weugrut" (weapon) {heavy, Dex+3}
   (You found it on level 4 of the Dungeon)

   Dex:       It affects your dexterity (+3).
Armour
 a - a +0 pair of boots (worn)
 m - a +2 cloak (worn)
 t - a +2 robe of willpower (worn)
Jewellery
 f - an amulet of reflection (around neck)
 n - a ring of protection from cold (right hand)
 o - the ring of Fybur (left hand) {rPois Str+5}
   (You found it on level 4 of the Dungeon)

   [ring of poison resistance]

   Str:       It affects your strength (+5).
   rPois:     It protects you from poison.
Wands
 d - a wand of flame (33)
 l - a wand of paralysis (6)
Scrolls
 b - 2 scrolls of immolation
Potions
 c - 2 potions of berserk rage {unknown}
 e - a potion of attraction
 g - 3 potions of curing
 h - a potion of cancellation {unknown}
 i - a potion of heal wounds {unknown}
 j - a potion of ambrosia {unknown}
 p - a potion of lignification {unknown}
 q - 2 potions of brilliance {unknown}
 r - 2 potions of mutation {unknown}


   Skills:
 - Level 2.1 Fighting
 * Level 11.7 Ranged Weapons
 - Level 1.7 Dodging
 - Level 1.2 Stealth
 - Level 4.0 Invocations


You had 8 spell levels left.
You didn't know any spells.
Your spell library contained the following spells:

 Spells                   Type           Power      Damage    Failure   Level
 Frozen Ramparts          Ice            0%         1d1       77%         3
 Ice Form                 Ice/Tmut       0%         N/A       99%         4
 Summon Ice Beast         Ice/Summ       0%         N/A       99%         4


Dungeon Overview and Level Annotations

Branches:
Dungeon (8/15)             Temple (0/1) D:6
   Lair: D:8-11

Altars:
Fedhas
Gozag
Ru
Trog
Wu Jian
Yredelemnul
Zin

Shops:
D:5 =

Annotations:
D:8 Pikel


Innate Abilities, Weirdness & Mutations

You cannot be hasted, slowed, berserked, paralysed or teleported.
You can dig through walls and to a lower floor.
You have a pair of large antennae on your head. (SInv)
Your four strong arms can wield two-handed weapons with a shield.


Message History

The bolt of acid hits you!
You shoot a bolt. The bolt closely misses Pikel.
Pikel zaps a wand.
The bolt of acid hits you but does no damage.
Pikel zaps a wand.
The bolt of acid hits you!
You shoot a bolt. The bolt hits Pikel.
Pikel is lightly wounded.
Pikel says, "You'll feel the lick of my whip!"
You shoot a bolt. The bolt barely misses Pikel.
Pikel barely misses you. Pikel misses you.
You shoot a bolt. The bolt closely misses Pikel.
Pikel hits you with a +1 whip of electrocution.
Pikel closely misses you.
Pikel hits you with a +1 whip of electrocution!
You shoot a bolt. The bolt barely misses Pikel.
You block Pikel's attack.
Pikel hits you with a +1 whip of electrocution.
You are electrocuted!!
Pikel misses you.
You shoot a bolt. The bolt closely misses Pikel.
Pikel zaps a wand.
The bolt of acid misses you. Pikel closely misses you.
Pikel hits you but does no damage.
You are electrocuted!
* * * LOW HITPOINT WARNING * * *
Okay, then.
As you read the scroll of fear, it crumbles to dust.
You assume a fearsome visage.
Pikel resists with some effort.
Pikel zaps a wand.
The bolt of acid misses you.
Pikel zaps a wand.
The bolt of acid misses you.
Okay, then.
Okay, then.
Unknown command.
Unknown command.
You shoot a bolt. The bolt closely misses Pikel.
You block Pikel's attack.
Pikel says, "You'll feel the lick of my whip!"
Pikel closely misses you. Pikel barely misses you.
You shoot a bolt. The bolt barely misses Pikel.
Pikel hits you but does no damage.
Pikel hits you with a +1 whip of electrocution.
* * * LOW HITPOINT WARNING * * *
You are electrocuted!
Zin protects you from harm!
Pikel zaps a wand.
The bolt of acid hits you!
You die...

### ..# #. #. #.#
### #..#. #.#...
##....####.#.###..
.......@K.........
##...#.###.#....55
#. #.# #.# ###..
... #.###.###.#
... #.........#
#'# #####.#####
#.# #.# #.# #.#
##.## #.#


You could see Pikel (fast).

Vanquished Creatures
  Psyche (D:8)
  Grinder (D:4)
  Edmund (D:4)
  An ice beast (D:5)
  A sky beast (D:7)
  2 ogres (D:5)
  3 scorpions
  5 wights (D:8)
  A gnoll bouda (D:8)
  An orc priest (D:6)
  3 hounds
  3 iguanas
  2 sleepcaps
  2 howler monkey zombies (D:8)
  4 gnolls
  6 adders
  3 worms
  A dart slug (D:2)
  3 orcs
  11 ball pythons
  6 bats
  5 endoplasms
  A giant cockroach (D:1)
  5 hobgoblins
  9 jackals
  4 quokkas
  3 frilled lizards
  5 goblins
  13 kobolds
  7 rats
113 creatures vanquished.

Notes
Turn   | Place    | Note
-------+----------+-------------------------------------------
     0 | D:1      | HoaS the Formicid Hunter began the quest for the Orb.
     0 | D:1      | Reached XP level 1. HP: 16/16 MP: 1/1
   162 | D:1      | Reached XP level 2. HP: 22/22 MP: 2/2
   293 | D:1      | Found a faded altar of an unknown god.
   395 | D:1      | Reached XP level 3. HP: 27/27 MP: 3/3
   482 | D:1      | Reached skill level 5 in Ranged Weapons
   994 | D:2      | Reached XP level 4. HP: 26/33 MP: 4/4
  1051 | D:2      | Found a blossoming altar of Fedhas.
  1077 | D:2      | You fall into a shaft and drop 1 floor!
  1077 | D:3      | Found a sacrificial altar of Ru.
  1077 | D:3      | Found a glowing silver altar of Zin.
  1077 | D:3      | Found an ornate altar of the Wu Jian Council.
  1203 | D:3      | Became a worshipper of Zin the Law-Giver
  1410 | D:2      | Reached skill level 1 in Invocations
  1412 | D:2      | Reached XP level 5. HP: 36/38 MP: 5/5
  1604 | D:3      | Reached * piety under Zin
  1657 | D:3      | Found a bloodstained altar of Trog.
  1677 | D:3      | Reached skill level 6 in Ranged Weapons
  1825 | D:3      | Found an opulent altar of Gozag.
  2351 | D:4      | Noticed Grinder
  2354 | D:4      | You fall into a shaft and drop 2 floors!
  2414 | D:6      | Reached XP level 6. HP: 13/44 MP: 7/7
  2637 | D:6      | Found a staircase to the Ecumenical Temple.
  2710 | D:6      | Noticed a boulder beetle
  2716 | D:5      | Entered Level 5 of the Dungeon
  2716 | D:5      | Noticed an ogre
  2723 | D:5      | Killed an ogre
  2724 | D:5      | Reached skill level 7 in Ranged Weapons
  2731 | D:5      | Reached ** piety under Zin
  2817 | D:5      | Reached XP level 7. HP: 50/50 MP: 9/9
  2989 | D:5      | Reached skill level 8 in Ranged Weapons
  3366 | D:4      | Identified the +6 arbalest "Weugrut" {heavy, Dex+3}
  3418 | D:4      | Noticed Edmund
  3424 | D:4      | Killed Edmund
  3425 | D:4      | Reached XP level 8. HP: 33/56 MP: 10/10
  3548 | D:4      | Identified the ring of Fybur {rPois Str+5}
  3642 | D:4      | Reached skill level 9 in Ranged Weapons
  4242 | D:4      | Killed Grinder
  4538 | D:5      | Found Enafot's Jewellery Shop.
  5114 | D:5      | Zin protects you from harm!
  5115 | D:5      | You fall into a shaft and drop 2 floors!
  5250 | D:7      | Reached skill level 10 in Ranged Weapons
  5289 | D:7      | Noticed a cyclops
  5319 | D:8      | Reached *** piety under Zin
  5337 | D:8      | Found a basalt altar of Yredelemnul.
  5369 | D:8      | Noticed Psyche
  5371 | D:8      | Killed Psyche
  5372 | D:8      | Reached skill level 11 in Ranged Weapons
  5372 | D:8      | Reached XP level 9. HP: 61/61 MP: 12/12
  5570 | D:8      | Noticed Pikel
  5581 | D:8      | HP: 2/61 [Pikel/+1 whip of electrocution (15)]
  5584 | D:8      | Zin protects you from harm!
  5584 | D:8      | Killed from afar by Pikel

Illustrated notes

Levels and vault maps discovered:
D:1:      onia_arrival_mini_maze, layout_loops_cross,
          hellmonk_ecumenical_altar_heavens_door, grunt_decor_mini_mirrors
D:2:      layout_rooms, basic_altar, minmay_pentomino_z4
D:3:      layout_rooms, gammafunk_temple_overflow_claw, lightli_temple_of_fire,
          grunt_gozag_breadcrumbs
D:4:      layout_layer_cave, uniq_edmund, uniq_grinder
D:5:      layout_basic, serial_shops, nicolae_shop_peninsula
D:6:      layout_rooms, nicolae_tso_swordbearing_angel,
          minmay_temple_entry_proselytizer
D:7:      layout_basic, uniq_joseph
D:8:      layout_loops_corners, lemuel_zombie_altar_yredelemnul, uniq_psyche,
          uniq_pikel

Skill      XL: |  1  2  3  4  5  6  7  8 |
---------------+-------------------------+-----
Ranged Weapons | 5 6 7 8 11 | 11.7
Invocations    | 1 2 3 4 |  4.0
Fighting       | |  2.1
Dodging        | |  1.7
Stealth        | |  1.2

Action                     |  1- 3 |  4- 6 |  7- 9 || total
---------------------------+-------+-------+-------++-------
   Fire: Shortbow          |   100 |   154 |    41 ||   295
         Arbalest          |       |       |    67 ||    67
Ability: Shaft Self        |       |     2 |     1 ||     3
  Evoke: Wand              |       |     2 |       ||     2
    Use: Scroll            |     3 |     9 |     5 ||    17
 Armour: Leather armour    |    12 |     9 |     8 ||    29
         Robe              |       |       |     3 ||     3
  Dodge: Dodged            |    46 |    24 |    24 ||    94
  Block: Other             |     3 |    10 |    12 ||    25
         Reflection        |       |     1 |     1 ||     2

Table legend: (Time is in decaauts)
 A = Elapsed time spent in this place.
 B = Non-inter-level travel time spent in this place.
 C = Inter-level travel time spent in this place.
 D = Time resting spent in this place.
 E = Time spent auto-exploring this place.
 F = Levels seen in this place.
 G = Mean time per level.
                   A        B        C        D        E       F      G
               +--------+--------+--------+--------+--------+-----+--------+
         Total |   5729 |   5546 |    183 |    945 |   3538 |   8 |  716.1 |
       Dungeon |   5729 |   5546 |    183 |    945 |   3538 |   8 |  716.1 |
               +--------+--------+--------+--------+--------+-----+--------+

Top non-repeatable levels by time:
     D:5: 1407 daAuts
     D:4: 1308 daAuts
     D:1: 824 daAuts
     D:2: 654 daAuts
     D:3: 651 daAuts
     D:6: 370 daAuts
     D:8: 313 daAuts
     D:7: 197 daAuts
